 Seeded DCSS version 0.28-a0-794-gafe8c5f9e9 (webtiles) character file.

Game seed: 20211110 (custom seed)

79 a11behringer the Cudgeller (level 4, -10/28 HPs)
             Began as a Gargoyle Fighter on Nov 6, 2021.
             Was a Believer of Lugonu.
             Mangled by an ogre (20 damage)
             ... on level 2 of the Dungeon.
             The game lasted 00:05:22 (1768 turns).

a11behringer the Cudgeller (Gargoyle Fighter)       Turns: 1768, Time: 00:05:22

Health: -10/28     AC: 16    Str: 21    XL:     4   Next: 38%
Magic:  4/4        EV:  6    Int:  8    God:    Lugonu [**....]
Gold:   34         SH:  4    Dex:  9    Spells: 3/3 levels left

rFire   . . .      SeeInvis .   a - +0 flail
rCold   . . .      Faith    .   c - +0 buckler
rNeg    + . .      Spirit   .   g - +1 plate armour
rPois   ∞          Reflect  .   (no helmet)
rElec   +          Harm     .   (no cloak)
rCorr   .          Rampage  .   (no gloves)
Will    .....                   (no boots)
Stlth   ..........              (no amulet)
HPRegen 0.09/turn               (no ring)
MPRegen 0.09/turn               (no ring)

@: mighty
A: sickness immunity, AC +3, negative energy resistance 1, electricity
resistance, torment resistance 1, petrification resistance
a: Renounce Religion, Depart the Abyss, Bend Space


You were on level 2 of the Dungeon.
You worshipped Lugonu.
Lugonu was pleased with you.
You visited 1 branch of the dungeon, and saw 2 of its levels.

You collected 34 gold pieces.

Inventory:

Hand Weapons
 a - a +0 flail (weapon)
Armour
 b - a +0 scale mail
 c - a +0 buckler (worn)
 g - a +1 plate armour (worn)
 l - a +3 scale mail
Jewellery
 j - a +6 ring of intelligence
Scrolls
 e - a scroll of magic mapping {unknown}
 h - a scroll of fog {unknown}
 i - a scroll of brand weapon {unknown}
Potions
 d - a potion of might
 f - a potion of berserk rage {unknown}
 k - a potion of mutation {unknown}


   Skills:
 + Level 3.5 Fighting
 * Level 3.7 Maces & Flails
 + Level 3.6 Armour
 + Level 0.4 Dodging
 + Level 3.5 Shields


You had 3 spell levels left.
You didn't know any spells.
Your spell library contained the following spells:

 Spells                   Type           Power      Damage    Failure   Level
 Conjure Flame            Conj/Fire      0%         6-21      100%        3
 Ignite Poison            Fire/Tmut/Pois 0%         N/A       100%        3
 Sticky Flame             Conj/Fire      0%         2d3       100%        4


Dungeon Overview and Level Annotations

Branches:
Dungeon (2/15)

Altars:
Lugonu


Innate Abilities, Weirdness & Mutations

You are immune to sickness and miasma.
Your stone body is resilient. (AC +3)
You are immune to poison.
You resist negative energy. (rN+)
You are resistant to electric shocks. (rElec)
You are resistant to unholy torment.
You are immune to petrification.


Message History

You kill Natasha!
Lugonu accepts your kill.
Natasha growls in agony!
You have reached level 4!
You feel stronger.
You feel yourself speed up.
Found a runed scale mail.
You see here a +3 scale mail.
l - a +3 scale mail
Found a stone staircase leading up.
There is a stone staircase leading up here.
There is a stone staircase leading up here.
A giant cockroach comes into view.
An ogre comes into view. It is wielding a +0 giant club.
The ogre shouts!
You closely miss the giant cockroach.
The giant cockroach bites you but does no damage. x2
You closely miss the giant cockroach. You block the giant cockroach's attack.
You thump the giant cockroach!
You kill the giant cockroach!
Lugonu accepts your kill.
You see here a giant cockroach corpse.
You feel very mighty all of a sudden. The ogre hits you but does no damage.
You barely miss the ogre. You block the ogre's attack.
You hit the ogre.
The ogre is lightly wounded.
The ogre hits you with a +0 giant club!!
Ouch! That really hurt!
You sock the ogre!
The ogre is moderately wounded.
The ogre closely misses you.
You sock the ogre!
The ogre is severely wounded.
The ogre hits you but does no damage.
You hit the ogre.
The ogre is almost dead.
The ogre hits you with a +0 giant club!!
Ouch! That really hurt!
You die...

######### ..# ........# #.#
........# #.# ........# #.#
.....!..# # #.# ......=.## #
#.#####.........# ###### #
###.....+......O@.+ .....#####
......###.........# #......
.............#....# #......
######.#####.#....# #.)...†
#....# .#....####### #.#####
###....#####.#####......###.##
# ................
+......'...># #
#######.#...### #...÷..###.##
# #.....# .#......###.# #


You could see an ogre.

Vanquished Creatures
  Natasha (D:2)
  An adder (D:2)
  A worm (D:2)
  A dart slug (D:1)
  3 endoplasms
  3 giant cockroaches
  2 goblins (D:2)
  7 hobgoblins
  4 quokkas
  3 ball pythons
  3 bats (D:1)
  5 frilled lizards (D:1)
  A kobold (D:2)
  3 rats
38 creatures vanquished.

Notes
Turn   | Place    | Note
-------+----------+-------------------------------------------
     0 | D:1      | a11behringer the Gargoyle Fighter began the quest for the
                  | Orb.
     0 | D:1      | Reached XP level 1. HP: 14/14 MP: 1/1
   240 | D:1      | Reached XP level 2. HP: 14/19 MP: 2/2
   733 | D:1      | Reached XP level 3. HP: 23/23 MP: 3/3
   736 | D:1      | Found a faded altar of an unknown god.
   756 | D:1      | Prayed at the altar of an unknown god.
   756 | D:1      | Became a worshipper of Lugonu the Unformed
   756 | D:1      | Reached * piety under Lugonu
   756 | D:1      | Reached ** piety under Lugonu
  1530 | D:2      | Noticed Natasha
  1541 | D:2      | Killed Natasha
  1542 | D:2      | Reached XP level 4. HP: 12/28 MP: 4/4
  1758 | D:2      | Noticed an ogre
  1768 | D:2      | Mangled by an ogre

Illustrated notes

Levels and vault maps discovered:
D:1:      dpeg_chamrin_arrival_tetris, layout_basic,
          dreamdust_ecumenical_altar_statues
D:2:      layout_basic, minmay_pentomino_x4, uniq_natasha

Skill      XL: |  1  2  3 |
---------------+----------+-----
Maces & Flails | 3 |  3.7
Fighting       | |  3.5
Armour         | |  3.6
Dodging        | |  0.4
Shields        | |  3.5

Action                   |  1- 3 |  4- 6 || total
-------------------------+-------+-------++-------
Melee: Flail             |   152 |     8 ||   160
  Use: Scroll            |     2 |       ||     2
       Potion            |       |     1 ||     1
Armor: Scale mail        |    22 |       ||    22
       Plate armour      |    92 |     4 ||    96
Dodge: Dodged            |    51 |     1 ||    52
Block: Buckler           |    34 |     2 ||    36

Table legend: (Time is in decaauts)
 A = Elapsed time spent in this place.
 B = Non-inter-level travel time spent in this place.
 C = Inter-level travel time spent in this place.
 D = Time resting spent in this place.
 E = Time spent auto-exploring this place.
 F = Levels seen in this place.
 G = Mean time per level.
                   A        B        C        D        E       F      G
               +--------+--------+--------+--------+--------+-----+--------+
         Total |   1821 |   1560 |    261 |      0 |   1205 |   2 |  910.5 |
       Dungeon |   1821 |   1560 |    261 |      0 |   1205 |   2 |  910.5 |
               +--------+--------+--------+--------+--------+-----+--------+

Top non-repeatable levels by time:
     D:1: 1012 daAuts
     D:2: 808 daAuts
